 Dungeon Crawl Stone Soup version 0.18.1-50-g88ac8fd (webtiles) character file.

179952 lorenzova the Sorcerer (level 17, -18/80 HPs)
             Began as a Deep Elf Conjurer on Oct 7, 2016.
             Was the Champion of Vehumet.
             Killed from afar by a deep elf sorcerer (31 damage)
             ... with damnation
             ... on level 3 of the Elven Halls.
             The game lasted 03:12:52 (39939 turns).

lorenzova the Sorcerer (Deep Elf Conjurer)         Turns: 39939, Time: 03:12:55

Health: -18/80     AC:  6    Str:  7    XL:     17   Next: 62%
Magic:  57/62      EV: 16    Int: 33    God:    Vehumet [******]
Gold:   1154       SH:  0    Dex: 15    Spells: 14 memorised, 5 levels left

rFire  + . .     SeeInvis +     O - staff of conjuration
rCold  + + .     Gourm    .     b - +1 leather armour of Indecent Exposure {rPois MP+9 Str+2}
rNeg   . . .     Faith    .     (no shield)
rPois  +         Spirit   .     p - +2 helmet "Ysydaip" {+Blink Stlth+}
rElec  +         Dismiss  .     I - +1 cloak {+Inv}
rCorr  .         Reflect  .     J - +0 pair of gloves of Defiance {rPois rC+ MP+9}
SustAt .         Harm     .     a - +0 pair of boots "Aniu" {Int+2}
MR     +....                    A - amulet "Egamaoman" {+Blink rF+ rC+ Regen+}
Stlth  +++++.....               Q - ring of the Rabble {*Corrode rElec Int+3 SInv}
                                d - +3 ring of protection

@: corroded, very slightly contaminated, delayed fireball, repel missiles,
somewhat resistant to hostile enchantments, quite stealthy
A: no striking features
a: Renounce Religion, Release Delayed Fireball, Evoke Blink, Evoke Invisibility


You were on level 3 of the Elven Halls.
You worshipped Vehumet.
Vehumet was exalted by your worship.
You were hungry.

You visited 5 branches of the dungeon, and saw 25 of its levels.
You visited the Abyss 1 time.
You also visited: Labyrinth, Sewer and Ice Cave.

You collected 2971 gold pieces.
You spent 1817 gold pieces at shops.

Inventory:

Armour
 a - the +0 pair of boots "Aniu" (worn) {Int+2}
   (You found it on level 5 of the Lair of Beasts)

   It affects your intelligence (+2).
 b - the +1 leather armour of Indecent Exposure (worn) {rPois MP+9 Str+2}
   (You bought it in a shop on level 8 of the Dungeon)

   It affects your strength (+2).
   It protects you from poison.
   It affects your magic capacity (+9).
 p - the +2 helmet "Ysydaip" (worn) {+Blink Stlth+}
   (You bought it in a shop on level 8 of the Dungeon)

   It lets you blink.
   It makes you more stealthy.
 y - a +1 robe of resistance
 I - a +1 cloak of invisibility (worn)
 J - the +0 pair of gloves of Defiance (worn) {rPois rC+ MP+9}
   (You found it on level 8 of the Dungeon)

   It protects you from cold.
   It protects you from poison.
   It affects your magic capacity (+9).
Magical Staves
 O - an uncursed staff of conjuration (weapon)
Jewellery
 d - a +3 ring of protection (left hand)
 q - an uncursed ring of flight
 A - the amulet "Egamaoman" (around neck) {+Blink rF+ rC+ Regen+}
   (You found it on level 1 of the Lair of Beasts)

   [amulet of regeneration]

   It protects you from fire.
   It protects you from cold.
   It lets you blink.
   It increases your rate of regeneration.
 Q - the ring of the Rabble (right hand) {*Corrode rElec Int+3 SInv}
   (You took it off a minotaur in a labyrinth)

   [ring of intelligence]

   It affects your intelligence (+3).
   It insulates you from electricity.
   It lets you see invisible.
   It may corrode you when you take damage.
 U - the amulet of Nirph {Fragile +Inv rPois Regen+ Stlth+, unknown}
   (You took it off a deep elf demonologist on level 3 of the Elven Halls)

   [amulet of regeneration]

   It protects you from poison.
   It lets you turn invisible.
   It increases your rate of regeneration.
   It will be destroyed if unequipped.
   It makes you more stealthy.
Wands
 h - a wand of confusion (30/48)
 x - a wand of teleportation (4/9)
 B - a wand of slowing (23/48)
 K - a wand of iceblast (3/15)
 P - a wand of slowing (15/48)
 W - a wand of iceblast (6/15)
Scrolls
 e - 2 scrolls of teleportation
 j - 3 scrolls of fog
 k - 4 scrolls of recharging
 o - a scroll of vulnerability
 r - 4 scrolls of identify
 z - 3 scrolls of magic mapping
 D - 2 scrolls of enchant weapon
 G - 2 scrolls of summoning
 L - 2 scrolls of fear
 Y - 4 scrolls of remove curse
Potions
 g - 2 potions of cure mutation
 i - 2 potions of brilliance
 l - 5 potions of flight
 n - 2 potions of berserk rage
 t - a potion of resistance
 u - 6 potions of curing
 v - 2 potions of heal wounds
 F - 3 potions of haste
 H - 6 potions of might
 N - 3 potions of cancellation
 V - 2 potions of ambrosia
Books
 c - a book of the Tempests

   Spells                             Type                      Level
   a - Static Discharge               Conjuration/Air              3
   b - Lightning Bolt                 Conjuration/Air              5
   c - Fireball                       Conjuration/Fire             5
   d - Tornado                        Air                          9
   e - Shatter                        Earth                        9
 f - a book of Air

   Spells                             Type                      Level
   a - Shock                          Conjuration/Air              1
   b - Swiftness                      Charms/Air                   2
   c - Repel Missiles                 Charms/Air                   2
   d - Static Discharge               Conjuration/Air              3
   e - Lightning Bolt                 Conjuration/Air              5
 R - the Compendium of Dhcmrlchtdj
   (You found it on level 2 of the Elven Halls)

   Spells                             Type                      Level
   a - Vampiric Draining              Necromancy                   3
   b - Poisonous Cloud                Conjuration/Poison/Air       6
 S - the Handbook of Sand
   (You found it on level 2 of the Elven Halls)

   Spells                             Type                      Level
   a - Spider Form                    Transmutation/Poison         3
   b - Venom Bolt                     Conjuration/Poison           5
 T - Lee's Grimoire of Plaster Cramp
   (You found it on level 2 of the Elven Halls)

   Spells                             Type                      Level
   a - Leda's Liquefaction            Hexes/Earth                  4
   b - Shatter                        Earth                        9
Miscellaneous
 M - a crystal ball of energy
Comestibles
 m - 9 meat rations
 s - a beef jerky
 w - 4 bread rations
 E - a slice of pizza
 Z - 10 fruits


   Skills:
 - Level 8.0 Dodging
 - Level 8.0 Stealth
 + Level 21.0 Spellcasting
 + Level 17.1 Conjurations
 * Level 8.4 Summonings
 - Level 11.0 Fire Magic
 - Level 7.3 Ice Magic
 * Level 13.2 Air Magic
 - Level 8.9 Evocations


You had 5 spell levels left.
You knew the following spells:

 Your Spells              Type           Power        Failure   Level  Hunger
a - Magic Dart            Conj           ####         0%          1    None
b - Iskenderun's Battles  Conj/Chrm      #######.     1%          5    None
c - Iskenderun's Mystic   Conj           ########     0%          4    None
d - Dazzling Spray        Conj/Hex       ######       1%          3    None
e - Delayed Fireball      Conj/Fire      N/A          1%          7    #......
f - Bolt of Fire          Conj/Fire      ########..   1%          6    None
g - Freezing Cloud        Conj/Ice/Air   ########..   1%          6    None
h - Spellforged Servitor  Conj/Summ      ########..   2%          7    #......
i - Fireball              Conj/Fire      ########..   1%          5    None
j - Repel Missiles        Chrm/Air       ######       1%          2    None
k - Swiftness             Chrm/Air       ######..     1%          2    None
l - Lightning Bolt        Conj/Air       ########..   1%          5    None
s - Sticky Flame          Conj/Fire      ########     1%          4    None
z - Flame Tongue          Conj/Fire      #####        0%          1    None


Dungeon Overview and Level Annotations

Branches:
Dungeon (11/15)            Temple (1/1) D:4            Lair (8/8) D:9
  Swamp (0/4) Lair:4        Snake (0/4) Lair:5        Slime (0/6) Lair:7
    Orc (2/2) D:9             Elf (3/3) Orc:2

Altars:
Ashenzari
Cheibriados
Dithmenos
Elyvilon
Fedhas
Gozag
Kikubaaqudgha
Makhleb
Nemelex Xobeh
Okawaru
Pakellas
Qazlal
Ru
Sif Muna
Trog
Vehumet
Xom
Yredelemnul
Zin
The Shining One
Beogh
Jiyva

Shops:
D:6 =   D:8 [   Orc:1 %   Orc:2 *[:(   Elf:1 *

Annotations:
D:4 Iflex's ghost, amateur MfGl
D:6 feelmyfire's ghost, novice GrFi


Message History

Aiming: Sticky Flame
Press: ? - help, Shift-Dir - straight line, f/p - deep elf sorcerer
Aim: a deep elf sorcerer, wielding a dagger (heavily wounded, fast)
You feel a surge of power!
The sticky flame hits the deep elf sorcerer.
The deep elf sorcerer is severely wounded.
The deep elf sorcerer is covered in liquid flames!
The deep elf sorcerer burns!
The deep elf sorcerer closely misses you.
The starcursed mass shrieks in your mind.
* * * LOW HITPOINT WARNING * * *
A deep elf demonologist comes into view.
It is wielding a warped glaive {holy}.
The deep elf sorcerer burns!
The deep elf sorcerer casts a spell at you.
You resist with some effort.
The deep elf demonologist gestures at you while chanting.
You easily resist.
The deep elf sorcerer casts a spell at you.
The damnation unfurls!
The damnation engulfs you!
You die...

##.## ##....≈≈#.ee.X.#
####.## ##...§≈≈#..#...#
.##'## ########....[)e').#
..# ...##
##.....##.((.)X.§..# .# ...#
##.......#.....≈≈#..# #
...######.......([#....≈≈#..#
...'....'.........e...(≈≈#..#
...######.........#....≈≈#..#
.#'## #.......@.#[...≈≈#..#
'## ###.##
#....<.(..#(.(.≈≈#..# ..#
##.##
##...[...#'.[[.≈≈#..#...#
##.##
##....)###....≈≈#..#...#
##.## ##'#### #....≈≈#..'...#
##)## #.# #....≈≈#..#...#
##.###.# #..e.≈≈#..#'### ####
##'##'# #....≈≈#..# ..# ...#
##...## #....≈≈#..# ..#


You could see a starcursed mass, a deep elf sorcerer (burning) and a deep elf
demonologist.

Vanquished Creatures
  Jorgrun (Elf:2)
  A deep elf blademaster (Elf:2)
  A frost giant (IceCv)
  Donald (Orc:2)
  An orc warlord (Orc:2)
  2 deep elf sorcerers (Elf:3)
  3 deep elf elementalists (Elf:3)
  2 deep elf demonologists (Elf:3)
  2 deep elf death magi
  A minotaur (Lab)
  A green death (Abyss:2)
  A deep elf high priest (Elf:3)
  Josephine (Lair:7)
  Erolcha (D:10)
  A great orb of eyes (Abyss:2)
  The ghost of Duraxyll the Protected, a journeyman MiBe of Trog (IceCv)
  Fannar (Lair:2)
  8 hydras
  A catoblepas (Lair:7)
  The ghost of Vatticson the Basher, a novice MiBe of Trog (D:8)
  The ghost of feelmyfire the Cruncher, a journeyman GrFi of Okawaru (Lab)
  26 dancing weapons
  4 orc high priests (Orc:2)
  The ghost of Philosophy the Bludgeoner, a novice MiBe of Trog (Lair:1)
  23 deep elf knights
  A thrashing horror (Abyss:2)
  The ghost of mvemjsun the Covert, a journeyman SpEn of Kikubaaqudgha (Lair:1)
  Nergalle (Orc:1)
  A fire crab (Lair:8)
  3 wizards
  3 hill giants (D:11)
  13 deep elf archers
  6 orc knights
  A swamp dragon (Lair:4)
  2 ugly things (D:11)
  A hornet (Lair:8)
  A wolf spider (Lair:8)
  50 deep elf magi
  3 orc sorcerers (Orc:2)
  A worldbinder (Abyss:2)
  3 griffons
  2 oklob plants
  A sixfirhy (Abyss:2)
  11 elephants
  An ice statue (IceCv)
  A guardian serpent (Lair:8)
  Maurice (D:11)
  2 smoke demons (Abyss:2)
  11 black mambas
  Psyche (D:11)
  An orange demon (Abyss:2)
  29 spiny frogs
  8 rime drakes
  A tormentor (Abyss:2)
  7 komodo dragons
  2 hellwings (Abyss:2)
  2 ancient zymes (Abyss:2)
  2 trolls
  27 polar bears
  6 raiju
  40 blink frogs
  3 boulder beetles
  41 yaks
  4 air elementals
  A spriggan (D:7)
  9 basilisks
  3 water elementals
  5 wraiths
  14 wyverns
  22 hippogriffs
  5 hungry ghosts
  A chaos spawn (Abyss:2)
  A neqoxec (Abyss:2)
  10 wargs
  2 mottled dragons
  9 large abominations
  A soldier ant (D:11)
  30 water moccasins
  5 hell hounds (Lair:8)
  13 porcupines
  26 orc warriors
  2 sky beasts
  5 wasps
  20 black bears
  An eye of draining (Abyss:2)
  A phantom (D:7)
  6 centaurs
  13 ogres
  28 wolves
  3 big kobolds
  15 crocodiles
  19 giant frogs
  11 small abominations
  6 earth elementals
  4 scorpions
  A water moccasin skeleton (D:7)
  11 killer bees (D:11)
  3 wights (D:10)
  2 electric eels (Elf:3)
  10 howler monkeys
  6 crimson imps
  A giant frog zombie (D:5)
  5 jellies
  18 hounds
  14 orc priests
  A giant frog skeleton (D:4)
  11 iguanas
  12 worker ants
  32 orc wizards
  4 hell rats (Lair:8)
  A statue (D:9)
  25 sheep
  5 worker ant zombies
  4 gnolls (Orc:2)
  55 river rats
  20 adders
  A shadow imp (D:10)
  12 white imps (Lair:5)
  An ooze (D:1)
  An adder zombie (D:5)
  3 adder skeletons
  4 worms
  3 dart slugs
  7 giant geckos
  74 orcs
  7 bats
  6 giant cockroaches
  4 goblins
  4 hobgoblins
  10 jackals
  5 quokkas
  6 ball pythons (Lair:5)
  2 giant gecko skeletons
  A giant gecko zombie (D:7)
  10 giant newts
  A jackal skeleton (D:4)
  18 kobolds
  13 rats
  2 fungi (Lair:7)
  A lurking horror (Abyss:2)
  6 plants
1116 creatures vanquished.

Vanquished Creatures (collateral kills)
  A deep elf elementalist (Elf:3)
  A deep elf annihilator (Elf:3)
  A thrashing horror (Abyss:2)
  4 deep elf magi
  A smoke demon (Abyss:2)
  2 blink frogs (Abyss:2)
10 creatures vanquished.

Vanquished Creatures (others)
  A yak (IceCv)
  A chaos spawn (Abyss:2)
  A small abomination (Abyss:2)
  2 wolves (IceCv)
  A bush (Lair:8)
  76 fungi
  67 plants
149 creatures vanquished.

Grand Total: 1275 creatures vanquished

Notes
Turn   | Place    | Note
--------------------------------------------------------------
     0 | D:1      | lorenzova the Deep Elf Conjurer began the quest for the Orb.
     0 | D:1      | Reached XP level 1. HP: 10/10 MP: 6/6
   236 | D:1      | Reached XP level 2. HP: 15/15 MP: 2/8
   702 | D:1      | Reached skill level 5 in Conjurations
   816 | D:1      | Reached XP level 3. HP: 19/19 MP: 8/10
  1235 | D:2      | Reached skill level 4 in Spellcasting
  1930 | D:3      | Found a glowing drain.
  1980 | Sewer    | Entered a sewer
  1988 | Sewer    | Reached XP level 4. HP: 22/24 MP: 3/12
  2079 | Sewer    | Learned a level 4 spell: Iskenderun's Mystic Blast
  2108 | Sewer    | Noticed a big kobold
  2203 | Sewer    | Killed a big kobold
  2203 | Sewer    | Reached skill level 5 in Spellcasting
  2203 | Sewer    | Reached XP level 5. HP: 25/28 MP: 2/14
  2414 | Sewer    | Found a glowing silver altar of Zin.
  2924 | D:3      | Found a blossoming altar of Fedhas.
  3502 | D:3      | Reached skill level 6 in Spellcasting
  3874 | D:4      | Found a staircase to the Ecumenical Temple.
  3907 | Temple   | Entered the Ecumenical Temple
  4147 | D:4      | Got a steaming spear
  4193 | D:4      | You fall through a shaft for 3 floors!
  4193 | D:7      | Found a snail-covered altar of Cheibriados.
  4196 | D:7      | Found a burning altar of Makhleb.
  4207 | D:7      | Found an iron altar of Okawaru.
  4234 | D:7      | Learned a level 3 spell: Dazzling Spray
  4332 | D:7      | Reached XP level 6. HP: 31/32 MP: 5/17
  4540 | D:6      | Reached skill level 7 in Spellcasting
  4542 | D:6      | Noticed feelmyfire's ghost (novice GrFi)
  4676 | D:5      | Entered Level 5 of the Dungeon
  4827 | D:5      | Reached XP level 7. HP: 36/36 MP: 15/19
  5338 | D:6      | Reached skill level 8 in Spellcasting
  5934 | D:4      | Reached skill level 9 in Spellcasting
  6279 | D:4      | Reached XP level 8. HP: 41/41 MP: 17/23
  6313 | D:4      | Identified a scroll of acquirement
  6365 | D:4      | Noticed Iflex's ghost (amateur MfGl)
  6887 | D:5      | Reached skill level 10 in Spellcasting
  7061 | D:5      | Found a white marble altar of Elyvilon.
  7062 | D:5      | Found a bloodstained altar of Trog.
  7720 | D:6      | Found Zaerowau's Jewellery Shop.
  8237 | D:7      | Reached skill level 11 in Spellcasting
  8237 | D:7      | Reached skill level 10 in Conjurations
  8241 | D:7      | Reached XP level 9. HP: 45/45 MP: 8/26
  9354 | D:7      | Found a stormy altar of Qazlal.
  9422 | D:8      | Found Koeblaol's Antique Armour Shoppe.
  9426 | D:8      | Noticed Vatticson's ghost (novice MiBe)
  9903 | D:8      | Reached skill level 12 in Spellcasting
 10150 | D:8      | Got a pair of jewelled gloves
 10161 | D:8      | Identified the +0 pair of gloves of Defiance {rPois rC+ MP+9} (You found it on level 8 of the Dungeon)
 10213 | D:8      | Killed Vatticson's ghost
 10275 | D:8      | Bought a bloodstained helmet for 256 gold pieces
 10281 | D:8      | Identified the +2 helmet "Ysydaip" {+Blink Stlth+} (You bought it in a shop on level 8 of the Dungeon)
 10814 | D:8      | Reached skill level 13 in Spellcasting
 11094 | D:8      | Reached XP level 10. HP: 50/50 MP: 24/29
 11175 | D:9      | Found a radiant altar of Vehumet.
 11188 | D:9      | Became a worshipper of Vehumet
 11723 | D:9      | Found a staircase to the Orcish Mines.
 11928 | D:9      | Learned a level 5 spell: Iskenderun's Battlesphere
 11935 | D:9      | Found a staircase to the Lair.
 12089 | D:9      | Found a bloodstained altar of Trog.
 12258 | D:9      | Found a shattered altar of Ashenzari.
 12789 | D:10     | Entered Level 10 of the Dungeon
 12881 | D:10     | Reached * piety under Vehumet
 12881 | D:10     | Offered knowledge of Shock by Vehumet.
 13058 | D:10     | Noticed Erolcha
 13061 | D:10     | Killed Erolcha
 13061 | D:10     | Reached skill level 14 in Spellcasting
 13762 | D:10     | Found a sacrificial altar of Ru.
 13863 | D:10     | Identified the +3 spear of Virtue {vamp, rC+} (You found it on level 4 of the Dungeon)
 14072 | D:11     | Reached ** piety under Vehumet
 14072 | D:11     | Offered knowledge of Flame Tongue by Vehumet.
 14117 | D:11     | Learned a level 1 spell: Flame Tongue
 14132 | D:11     | Noticed a hill giant
 14142 | D:11     | Killed a hill giant
 14142 | D:11     | Reached skill level 15 in Spellcasting
 14143 | D:11     | Reached XP level 11. HP: 54/54 MP: 16/32
 14319 | D:11     | Noticed Psyche
 14322 | D:11     | Killed Psyche
 14384 | D:11     | Noticed a hill giant
 14418 | D:11     | Killed a hill giant
 14738 | D:11     | Noticed Maurice
 14744 | D:11     | Killed Maurice
 14744 | D:11     | Offered knowledge of Throw Frost by Vehumet.
 14780 | D:11     | Noticed a hill giant
 14786 | D:11     | Killed a hill giant
 14914 | D:11     | Noticed a brown ugly thing
 14918 | D:11     | Killed a brown ugly thing
 15056 | D:11     | Noticed a wizard
 15056 | D:11     | Noticed a brown ugly thing
 15063 | D:11     | Killed a wizard
 15063 | D:11     | Reached skill level 16 in Spellcasting
 15065 | D:11     | Killed a brown ugly thing
 15065 | D:11     | Reached *** piety under Vehumet
 15127 | D:11     | Noticed a large abomination
 15334 | D:11     | Killed a large abomination
 15483 | D:11     | Noticed a large abomination
 15512 | D:11     | Killed a large abomination
 15512 | D:11     | Offered knowledge of Sticky Flame by Vehumet.
 15518 | D:11     | Learned a level 4 spell: Sticky Flame
 15575 | D:11     | Got an ichor-stained chain mail
 15660 | Lair:1   | Entered Level 1 of the Lair of Beasts
 15665 | Lair:1   | Reached skill level 1 in Evocations
 15692 | Lair:1   | Noticed Philosophy's ghost (novice MiBe)
 15702 | Lair:1   | Killed Philosophy's ghost
 15706 | Lair:1   | Got a heavily runed ruby amulet
 15707 | Lair:1   | Identified the amulet "Egamaoman" {+Blink rF+ rC+ Regen+} (You found it on level 1 of the Lair of Beasts)
 15716 | Lair:1   | Found a labyrinth entrance.
 15732 | Lab      | Entered a labyrinth
 15813 | Lab      | Noticed feelmyfire's ghost (journeyman GrFi)
 15830 | Lab      | Killed feelmyfire's ghost
 15863 | Lab      | Reached XP level 12. HP: 59/59 MP: 27/34
 15897 | Lab      | Got a twitching tin ring
 16642 | Lab      | Noticed a minotaur
 16650 | Lab      | Killed a minotaur
 16650 | Lab      | Reached skill level 5 in Stealth
 16657 | Lab      | Got a scintillating turquoise ring
 16658 | Lab      | Got an ichor-stained leather armour
 16666 | Lab      | Identified the Incunabulum of Bewitchment and Heat
 16679 | Lab      | Identified the Papyrus of Orientation
 16869 | Lair:1   | Noticed mvemjsun's ghost (journeyman SpEn)
 16871 | Lair:1   | Killed mvemjsun's ghost
 17136 | Lair:1   | Noticed an eight-headed hydra
 17140 | Lair:1   | Killed an eight-headed hydra
 17140 | Lair:1   | Reached skill level 17 in Spellcasting
 17265 | Lair:1   | Reached skill level 5 in Evocations
 17381 | Lair:1   | Reached **** piety under Vehumet
 17955 | Lair:1   | Reached skill level 1 in Fire Magic
 18182 | Lair:1   | Identified the ring "Puranamo" {Fire Int+4} (You found it in a labyrinth)
 18183 | Lair:1   | Identified the ring of the Rabble {*Corrode rElec Int+3 SInv} (You took it off a minotaur in a labyrinth)
 18194 | Lair:1   | Identified the +1 leather armour of Parts Unknown {MR+} (You took it off a minotaur in a labyrinth)
 18204 | Lair:1   | Identified the +4 chain mail of Trumpets {Stlth+} (You found it on level 11 of the Dungeon)
 18283 | Lair:1   | Learned a level 7 spell: Delayed Fireball
 18383 | Lair:2   | Offered knowledge of Lightning Bolt by Vehumet.
 18390 | Lair:2   | Learned a level 5 spell: Lightning Bolt
 18442 | Lair:2   | Noticed Fannar
 18459 | Lair:2   | Killed Fannar
 19318 | D:8      | Bought a brightly glowing leather armour for 189 gold pieces
 19329 | D:8      | Identified the +1 leather armour of Indecent Exposure {rPois MP+9 Str+2} (You bought it in a shop on level 8 of the Dungeon)
 19587 | Lair:3   | Reached skill level 5 in Dodging
 19642 | Lair:3   | Reached XP level 13. HP: 63/63 MP: 36/36
 20187 | Lair:3   | Reached skill level 5 in Fire Magic
 20733 | Lair:4   | Reached ***** piety under Vehumet
 20786 | Lair:4   | Found a staircase to the Swamp.
 20793 | Lair:4   | Offered knowledge of Iron Shot by Vehumet.
 21503 | Lair:5   | Found a frozen archway.
 21705 | Lair:5   | Found a staircase to the Snake Pit.
 21900 | IceCv    | Entered an ice cave
 22071 | IceCv    | Noticed Duraxyll's ghost (journeyman MiBe)
 22152 | IceCv    | Killed Duraxyll's ghost
 22293 | IceCv    | Reached skill level 1 in Air Magic
 22294 | IceCv    | Offered knowledge of Bolt of Fire by Vehumet.
 22378 | IceCv    | Reached skill level 18 in Spellcasting
 22851 | IceCv    | Reached XP level 14. HP: 68/68 MP: 35/38
 23023 | IceCv    | Noticed a frost giant
 23088 | IceCv    | Killed a frost giant
 24782 | Lair:6   | Reached skill level 5 in Air Magic
 24882 | Lair:6   | Learned a level 6 spell: Bolt of Fire
 25635 | Lair:6   | Offered knowledge of Bolt of Magma by Vehumet.
 25636 | Lair:6   | Reached skill level 10 in Fire Magic
 25845 | Lair:7   | HP: 3/68 [boulder beetle (18)]
 26012 | Lair:7   | Found a staircase to the Slime Pits.
 26012 | Lair:7   | Found a viscous altar of Jiyva.
 26029 | Lair:7   | Reached skill level 15 in Conjurations
 26199 | Lair:7   | Found a stormy altar of Qazlal.
 26703 | Lair:7   | Noticed Josephine
 26704 | Lair:7   | Killed Josephine
 27659 | Lair:1   | Learned a level 6 spell: Freezing Cloud
 27788 | Lair:8   | Entered Level 8 of the Lair of Beasts
 28091 | Lair:8   | Reached skill level 1 in Ice Magic
 28403 | Lair:8   | Reached XP level 15. HP: 72/72 MP: 30/39
 28631 | Lair:8   | Offered knowledge of Bolt of Draining by Vehumet.
 28718 | Lair:8   | Reached skill level 19 in Spellcasting
 29062 | Lair:8   | Reached ****** piety under Vehumet
 30193 | Lair:8   | Reached skill level 5 in Ice Magic
 30250 | Lair:8   | Offered knowledge of Poison Arrow by Vehumet.
 30935 | Lair:1   | Learned a level 4 spell: Summon Lightning Spire
 31061 | Lair:5   | Got a pair of encrusted boots
 31072 | Lair:5   | Identified the +0 pair of boots "Aniu" {Int+2} (You found it on level 5 of the Lair of Beasts)
 31280 | Orc:1    | Entered Level 1 of the Orcish Mines
 31280 | Orc:1    | Found Leaxtausoh's Food Shoppe.
 31504 | Orc:1    | Noticed Nergalle
 31508 | Orc:1    | Killed Nergalle
 31569 | Orc:1    | Found a roughly hewn altar of Beogh.
 31845 | Orc:2    | Entered Level 2 of the Orcish Mines
 32449 | Orc:2    | Offered knowledge of Conjure Ball Lightning by Vehumet.
 32494 | Orc:2    | Noticed an orc warlord
 32662 | Orc:2    | Killed an orc warlord
 32998 | Orc:2    | Found Iggu's General Store.
 32999 | Orc:2    | Found Peilawn's Book Shop.
 33000 | Orc:2    | Found Qigait's Antique Armour Shop.
 33000 | Orc:2    | Found Vaopn's Antique Weapon Boutique.
 33353 | Orc:2    | Found a staircase to the Elven Halls.
 33356 | Orc:2    | Found a roughly hewn altar of Beogh.
 33389 | Orc:2    | Noticed Donald
 33393 | Orc:2    | Killed Donald
 33700 | Orc:2    | Bought a book of the Tempests for 700 gold pieces
 33709 | Orc:2    | Learned a level 5 spell: Fireball
 33713 | Orc:2    | Bought a book of Air for 350 gold pieces
 33718 | Orc:2    | Learned a level 2 spell: Repel Missiles
 33721 | Orc:2    | Learned a level 2 spell: Swiftness
 33730 | Orc:2    | Bought a scroll of identify for 22 gold pieces
 33766 | Elf:1    | Entered Level 1 of the Elven Halls
 34084 | Elf:1    | Reached skill level 10 in Air Magic
 34255 | Elf:1    | Reached XP level 16. HP: 76/76 MP: 41/41
 34358 | Elf:1    | Found Reopaonae's Assorted Antiques.
 34377 | Elf:1    | Bought a scroll of recharging for 228 gold pieces
 34377 | Elf:1    | Bought a scroll of identify for 48 gold pieces
 34377 | Elf:1    | Bought a scroll labeled IJOCEHISCHU for 24 gold pieces
 34906 | Elf:1    | Found a radiant altar of Vehumet.
 35454 | Elf:2    | Identified the Compendium of Dhcmrlchtdj
 35470 | Elf:2    | Offered knowledge of Spellforged Servitor by Vehumet.
 35612 | Elf:2    | Reached skill level 20 in Spellcasting
 35780 | Elf:2    | Identified the Handbook of Sand
 35787 | Elf:2    | Identified Lee's Grimoire of Plaster Cramp
 35809 | Elf:2    | Reached skill level 1 in Summonings
 36060 | Elf:2    | Found a runed gate.
 36071 | Elf:2    | Found a runed gate.
 36229 | Elf:2    | Noticed Jorgrun
 36239 | Elf:2    | Killed Jorgrun
 36371 | Elf:2    | Found a runed gate.
 36396 | Elf:2    | Noticed a deep elf blademaster
 36402 | Elf:2    | Killed a deep elf blademaster
 36783 | Elf:2    | Reached skill level 5 in Summonings
 37154 | Elf:2    | Learned a level 7 spell: Spellforged Servitor
 37204 | Elf:3    | Entered Level 3 of the Elven Halls
 37541 | Elf:3    | Reached XP level 17. HP: 76/80 MP: 43/43
 38801 | Elf:3    | Got a fine golden amulet
 38812 | Elf:3    | Cast into level 2 of the Abyss (a deep elf sorcerer)
 38813 | Abyss:2  | Found a deep blue altar of Sif Muna.
 38966 | Abyss:2  | Found a deep blue altar of Sif Muna.
 39117 | Abyss:2  | Found a deep blue altar of Sif Muna.
 39172 | Abyss:2  | Offered knowledge of Lehudib's Crystal Spear by Vehumet.
 39172 | Abyss:2  | Offered knowledge of Fire Storm by Vehumet.
 39172 | Abyss:2  | Offered knowledge of Chain Lightning by Vehumet.
 39302 | Abyss:2  | Noticed a lich
 39648 | Abyss:2  | Reached skill level 21 in Spellcasting
 39910 | Elf:3    | Escaped the Abyss
 39916 | Elf:3    | Noticed a deep elf master archer
 39939 | Elf:3    | Killed from afar by a deep elf sorcerer

Skill      XL: |  1  2  3  4  5  6  7  8  9 10 11 12 13 14 15 16 17 |
---------------+----------------------------------------------------+-----
Conjurations   | 5 6 7 8 10 11 13 14 15 16 17 | 17.1
Spellcasting   | 4 5 6 7 9 11 13 15 16 17 18 19 20 21 | 21.0
Evocations     | 2 7 8 |  8.9
Stealth        | 4 8 |  8.0
Dodging        | 5 8 |  8.0
Fire Magic     | 4 8 11 | 11.0
Air Magic      | 3 7 10 12 13 | 13.2
Ice Magic      | 1 7 |  7.3
Summonings     | 5 8 |  8.4

Action                   |  1- 3 |  4- 6 |  7- 9 | 10-12 | 13-15 | 16-18 || total
-------------------------+-------+-------+-------+-------+-------+-------++-------
Melee: Dagger            |       |    17 |    21 |       |       |       ||    38
       Staff             |       |       |       |     9 |   208 |    17 ||   234
 Cast: Magic Dart        |   102 |    92 |   318 |   340 |   265 |    42 ||  1159
       Iskenderun's Myst |       |     3 |    35 |   104 |   344 |   226 ||   712
       Dazzling Spray    |       |     8 |    47 |    37 |     9 |     3 ||   104
       Iskenderun's Batt |       |       |       |    61 |   142 |    44 ||   247
       Flame Tongue      |       |       |       |    62 |   204 |    38 ||   304
       Sticky Flame      |       |       |       |     8 |   124 |    37 ||   169
       Lightning Bolt    |       |       |       |       |    34 |     8 ||    42
       Bolt of Fire      |       |       |       |       |    42 |    23 ||    65
       Freezing Cloud    |       |       |       |       |    10 |     3 ||    13
       Delayed Fireball  |       |       |       |       |     2 |     1 ||     3
       Summon Lightning  |       |       |       |       |     2 |     3 ||     5
       Repel Missiles    |       |       |       |       |     1 |     1 ||     2
       Spellforged Servi |       |       |       |       |       |     8 ||     8
 Abil: Evoke Blink       |       |       |       |     1 |       |       ||     1
       Release Delayed F |       |       |       |       |     1 |     1 ||     2
  Use: Scroll            |     4 |     2 |     4 |    20 |     8 |     9 ||    47
       Potion            |       |       |       |     2 |     2 |     4 ||     8
 Stab: Invisible         |       |     2 |     3 |       |       |       ||     5
       Sleeping          |       |       |     2 |       |       |       ||     2
       Distracted        |       |       |       |       |     1 |       ||     1
       Paralysed         |       |       |       |       |       |     2 ||     2
  Eat: Chunk             |     3 |     7 |    15 |    22 |    38 |    13 ||    98
       Fruit             |       |     1 |     2 |     2 |     2 |     5 ||    12
       Pizza             |       |     1 |       |       |       |       ||     1
       Royal jelly       |       |       |     1 |     1 |     1 |       ||     3
       Bread ration      |       |       |       |       |     1 |       ||     1
Armor: Robe              |     6 |     8 |    30 |    28 |       |       ||    72
       Leather armour    |       |       |       |     8 |   109 |    42 ||   159
Dodge: Dodged            |    16 |    27 |    77 |    61 |   234 |   126 ||   541
       Deflected         |       |       |       |       |       |    14 ||    14
